 Dungeon Crawl Stone Soup version 0.25.1-8-g42b30a86e7 (webtiles) character file.

Game seed: 783779269636392400

56 Gabide the Skirmisher (level 4, -3/36 HPs)
             Began as a Human Abyssal Knight on Dec 6, 2020.
             Was a Follower of Lugonu.
             Killed by nerve-wracking pain
             ... invoked by an orc priest
              (10 damage)
             ... on level 3 of the Dungeon.
             The game lasted 00:04:19 (2350 turns).

Gabide the Skirmisher (Human Abyssal Knight)        Turns: 2350, Time: 00:04:22

Health: -3/36      AC:  8    Str: 13    XL:     4   Next: 15%
Magic:  14/14      EV:  9    Int: 13    God:    Lugonu [*.....]
Gold:   75         SH:  0    Dex: 12    Spells: 3/3 levels left

rFire    . . .     SeeInvis .   a - +1 spear
rCold    . . .     Gourm    .   (no shield)
rNeg     . . .     Faith    .   m - +1 scale mail
rPois    .         Spirit   .   (no helmet)
rElec    .         Reflect  .   (no cloak)
rCorr    .         Harm     .   d - +0 pair of gloves
MR       .....                  (no boots)
Stlth    ..........             (no amulet)
HPRegen  0.12/turn              l - ring of magical power
MPRegen  0.14/turn              (no ring)

@: very slightly contaminated, invisible
A: no striking features
a: Depart the Abyss, Renounce Religion


You were on level 3 of the Dungeon.
You worshipped Lugonu.
Lugonu was aware of your devotion.
You were not hungry.

You visited 1 branch of the dungeon, and saw 3 of its levels.
You visited the Abyss 1 time.

You collected 75 gold pieces.

Inventory:

Hand Weapons
 a - a +1 spear (weapon)
Missiles
 b - 4 boomerangs (quivered)
 j - a throwing net
Armour
 d - a +0 pair of gloves (worn)
 m - a +1 scale mail (worn)
Jewellery
 l - a ring of magical power (left hand)
Potions
 e - a potion of resistance
 k - a potion of heal wounds {unknown}
Comestibles
 c - a ration
 f - 4 chunks of flesh


   Skills:
 + Level 3.6 Fighting
 * Level 2.7 Polearms
 * Level 1.0 Throwing
 + Level 2.1 Armour
 + Level 1.0 Dodging
 * Level 2.6 Invocations


You had 3 spell levels left.
You didn't know any spells.
Your spell library was empty.

Dungeon Overview and Level Annotations

Branches:
Dungeon (3/15)

Altars:
Kikubaaqudgha


Message History

There is an open door here.
You hit the orc.
The orc is heavily wounded.
The orc hits you but does no damage.
You barely miss the orc.
The orc is heavily wounded.
The orc closely misses you.
You barely miss the orc.
The orc is heavily wounded.
The orc misses you. The orc hits you but does no damage.
You hit the orc.
You kill the orc!
Lugonu accepts your kill.
You hit the orc priest but do no damage.
The orc priest is moderately wounded.
The orc hits you with a +0 mace.
* * * LOW HITPOINT WARNING * * *
The orc priest calls down the wrath of Beogh upon you.
Pain shoots through your body!
You die...

.#.########.#
..........!.#
.........#
########)# #.#
##'#### #.....#
#.oo..## #[@....#
#....).#
######.....#
#...##.....#####
#......†.......#
#..#.###)###.#.
#..#.#.....#.#
#..###.#.#.###..#
#.......!........


You could see an orc priest and an orc.

Vanquished Creatures
  An ooze (D:1)
  A leopard gecko (D:1)
  4 orcs (D:3)
  5 bats
  4 goblins
  6 hobgoblins
  5 jackals
  5 kobolds
  A quokka (D:2)
  2 ball pythons
  2 frilled lizards (D:2)
  7 rats
43 creatures vanquished.

Notes
Turn   | Place    | Note
-------+----------+-------------------------------------------
     0 | Abyss:1  | Gabide the Human Abyssal Knight began the quest for the
                  | Orb.
     0 | Abyss:1  | Reached XP level 1. HP: 18/18 MP: 2/2
    46 | Abyss:1  | Noticed a large abomination
    47 | D:1      | Escaped the Abyss
    97 | D:1      | Reached XP level 2. HP: 14/24 MP: 3/3
   327 | D:1      | Reached * piety under Lugonu
   727 | D:1      | Reached XP level 3. HP: 28/29 MP: 4/4
  2101 | D:2      | Found an ancient bone altar of Kikubaaqudgha.
  2265 | D:3      | Reached skill level 1 in Throwing
  2298 | D:3      | Reached XP level 4. HP: 35/36 MP: 5/5
  2350 | D:3      | Killed from afar by an orc priest

Illustrated notes

Levels and vault maps discovered:
D:1:      giann_horns, layout_basic
D:2:      layout_loops_ring, old_standard_altar, serial_rivers,
          chequers_serial_rivers_marsh, chequers_serial_rivers_room_b,
          chequers_serial_rivers_micro_b, chequers_serial_rivers_small_a,
          chequers_serial_rivers_large_a
D:3:      layout_basic, first_ration, minmay_misc_feat_roman

Skill      XL: |  1  2  3 |
---------------+----------+-----
Throwing       | 1 |  1.0
Fighting       | |  3.6
Polearms       | |  2.7
Armour         | |  2.1
Dodging        | |  1.0
Invocations    | |  2.6

Action                   |  1- 3 |  4- 6 || total
-------------------------+-------+-------++-------
Melee: Spear             |   129 |    36 ||   165
Throw: Stone             |    31 |       ||    31
       Boomerang         |       |     3 ||     3
Invok: Depart the Abyss  |     1 |       ||     1
  Use: Scroll            |     8 |       ||     8
       Potion            |       |     1 ||     1
 Stab: Sleeping          |     1 |       ||     1
  Eat: Chunk             |     2 |       ||     2
       Ration            |     1 |       ||     1
Armor: Leather armour    |     8 |       ||     8
       Scale mail        |    27 |    10 ||    37
Dodge: Dodged            |    41 |    15 ||    56
